[Event "*** Titled Tuesday Blitz"]
[Site "Chess.com"]
[Date "2020.03.03"]
[Round "7"]
[White "RojonR"]
[Black "shanemelaughcm"]
[Result "1-0"]
[WhiteElo "2393"]
[BlackElo "2251"]
[TimeControl "180+1"]
[EndTime "10:12:50 PST"]
[Termination "RojonR won by checkmate"]

1. e4 d6 2. d4 Nf6 3. Nc3 Nbd7 4. f4 e5 5. Nf3 exd4 6. Qxd4 c6 7. Be3 Be7 8.
O-O-O Qc7 9. h3 O-O 10. g4 d5 11. exd5 Bc5 12. Qd2 Bxe3 13. Qxe3 cxd5 14. g5 Nh5 15. Nxd5 Qa5 16. Bc4 Nb6 17. Bb3 Nxd5 18. Rxd5 Qb4 19.
Nd4 b6 20. a3 Qxb3 21. Nxb3 Bb7 22. Rhd1 Bxd5 23. Rxd5 Rae8 24. Qf3 g6 25. Nd4 Re1+ 26.
Kd2 Rfe8 27. Nc6 R8e2+ 28. Kd3 Rh2 29. Kc4 Rxc2+ 30. Kb5 Rxb2+ 31. Ka6 Re8 32. Ne7+ Kf8 33. Nf5 Rbe2 34. Qc3 gxf5 35. Qh8+ Ke7 36. Qxh7 Nxf4 37.
Rxf5 Nd3 38. Qxf7+ Kd6 39. Rd5+ Kc6 40. Qd7# 1-0

[Event "*** Titled Tuesday Blitz"]
[Site "Chess.com"]
[Date "2020.03.03"]
[Round "7"]
[White "Kotofeyca"]
[Black "ahkashefi2800"]
[Result "0-1"]
[WhiteElo "2336"]
[BlackElo "2116"]
[TimeControl "180+1"]
[EndTime "10:12:50 PST"]
[Termination "ahkashefi2800 won by checkmate"]

1. d4 d5 2. c4 dxc4 3. Nf3 Nf6 4. e3 e6 5. Bxc4 c5 6. O-O a6 7. Qe2 b5 8. Bb3 Bb7 9. Rd1 Nbd7 10. Nc3 Qb8 11. d5 exd5 12. Nxd5 c4 13. Nxf6+ Nxf6 14. Bc2 Bc5 15. e4 O-O 16. Bg5 Ng4 17. Bh4 Ne5 18. Bg3 Nxf3+ 19. Qxf3 Qa7 20. Rd7 Rad8 21. Rad1 Rxd7 22.
Rxd7 Qb6 23. Qf5 Bc8 24. e5 g6 25. Qg4 h5 26. Qh3 Bxd7 27. Qxd7 Rd8 28. Qh3 Rd2 29. Qc8+ Kg7 30. Bh4 Bxf2+ 31. Kh1 Bxh4 32. e6 Rxc2 33. h3 Rc1+ 34. Kh2 Qd6+ 35. g3 Qxg3# 0-1

[Event "*** Titled Tuesday Blitz"]
[Site "Chess.com"]
[Date "2020.03.03"]
[Round "7"]
[White "gena217"]
[Black "Tjktiger"]
[Result "1-0"]
[WhiteElo "3014"]
[BlackElo "2798"]
[TimeControl "180+1"]
[EndTime "10:12:52 PST"]
[Termination "gena217 won by checkmate"]

1. e4 c5 2. Nf3 g6 3. d4 cxd4 4.
Nxd4 Bg7 5. c4 Nc6 6. Be3 Qb6 7. Nb3 Qd8 8. Nc3 Bxc3+ 9. bxc3 Nf6 10. f3 d6 11. Bh6 Rg8 12. Qd2 e5 13. Rd1 g5 14. h4 gxh4 15. Qxd6 Nd7 16. c5 Rg6 17. Qd2 Qe7 18. Be3 a5 19. a4 Nf8 20.
Bf2 Be6 21. Bxh4 f6 22. Qc2 Nd7 23. Bf2 O-O-O 24. Rd6 Qf7 25. Nd2 f5 26. Qb1 Ndb8 27. Qb5 Bd7 28. Nc4 Nd4 29. Qxa5 Nc2+ 30. Kd2 Bxa4 31. Rxd8# 1-0

[Event "*** Titled Tuesday Blitz"]
[Site "Chess.com"]
[Date "2020.03.03"]
[Round "7"]
[White "BeanScreen"]
[Black "jmduque"]
[Result "1-0"]
[WhiteElo "2642"]
[BlackElo "2446"]
[TimeControl "180+1"]
[EndTime "10:12:52 PST"]
[Termination "BeanScreen won on time"]

1. e4 a6 2. d4 b5 3. Bd3 Bb7 4.
Nf3 e6 5. O-O c5 6. c3 Nf6 7.
Re1 Be7 8. e5 Nd5 9. Nbd2 Nc6 10. dxc5 Bxc5 11. Ne4 Qb6 12. Nxc5 Qxc5 13. Ng5 Qe7 14. Qh5 g6 15. Qh6 O-O-O 16. a4 b4 17. Bd2 bxc3 18. bxc3 d6 19. exd6 Rxd6 20. Ne4 Rdd8 21.
Rab1 f5 22. Bg5 Qf8 23. Qxf8 Rhxf8 24. Nc5 Nxc3 25. Rxb7 Rxd3 26. Rb6 Rd6 27. Be7 Kc7 28. Bxd6+ Kxd6 29. Rxe6+ Kxc5 30. Rexc6+ Kd4 31. Rb4+ Kd3 32.
Rb3 1-0

[Event "*** Titled Tuesday Blitz"]
[Site "Chess.com"]
[Date "2020.03.03"]
[Round "7"]
[White "SHIVACalypso"]
[Black "Andrew-FB00"]
[Result "1-0"]
[WhiteElo "2188"]
[BlackElo "1861"]
[TimeControl "180+1"]
[EndTime "10:12:52 PST"]
[Termination "SHIVACalypso won by resignation"]

1. Nf3 Nf6 2. c4 e6 3. g3 b6 4.
Bg2 Bb7 5. O-O Be7 6. Nc3 O-O 7. d3 c5 8. Rb1 d5 9. cxd5 Nxd5 10. Nxd5 Bxd5 11.
b3 Nd7 12. Bb2 Bf6 13. Qc2 Bxb2 14. Qxb2 Qf6 15. Qa3 Ne5 16. Nxe5 Qxe5 17. e4 Bb7 18. b4 cxb4 19. Rxb4 Rfd8 20. Rd1 a5 21. Rxb6 Ba6 22. Qb3 Rd4 23. Bf1 Rad8 24. Rc1 Bc8 25. Rb8 Ba6 26. Rxd8+ Rxd8 27. Qb6 Qg5 28. h4 Qf6 29. Qxa6 h6 30. Qxa5 Rf8 31. Qc3 1-0

[Event "*** Titled Tuesday Blitz"]
[Site "Chess.com"]
[Date "2020.03.03"]
[Round "7"]
[White "Ali_rastbod"]
[Black "Sanan_Sjugirov"]
[Result "0-1"]
[WhiteElo "2662"]
[BlackElo "2839"]
[TimeControl "180+1"]
[EndTime "10:12:55 PST"]
[Termination "Sanan_Sjugirov won by resignation"]

1. Nf3 g6 2. d4 Bg7 3. c4 d6 4.
g3 Nd7 5. Bg2 e5 6. O-O Ne7 7.
Nc3 O-O 8. Re1 h6 9. dxe5 dxe5 10.
Qc2 Nc5 11. b4 Ne6 12. e3 f5 13. Bb2 e4 14. Red1 Qe8 15. Nd4 Nxd4 16. exd4 Nc6 17.
Nd5 Qf7 18. a4 Be6 19. b5 Bxd5 20. cxd5 Nb4 21. Qb3 Nxd5 22. Rac1 Rfd8 23. Rc5 Bf8 24. Bf1 Bxc5 25. dxc5 c6 26. Bc4 Kh7 27. Ba1 f4 28. Rd4 fxg3 29. Qxg3 Re8 30. Rxd5 cxd5 31. Bxd5 Qe7 32.
c6 Rad8 33. Bb3 bxc6 34. bxc6 e3 35. fxe3 Qxe3+ 36. Qxe3 Rxe3 37. c7 Rc8 0-1

[Event "*** Titled Tuesday Blitz"]
[Site "Chess.com"]
[Date "2020.03.03"]
[Round "7"]
[White "bugbug01052018"]
[Black "Region_07"]
[Result "0-1"]
[WhiteElo "2267"]
[BlackElo "2402"]
[TimeControl "180+1"]
[EndTime "10:12:57 PST"]
[Termination "Region_07 won on time"]

1. d4 f5 2. c4 Nf6 3. Nc3 d6 4. Bg5 g6 5. e3 Bg7 6. Nf3 O-O 7. Be2 c6 8. O-O Qe8 9. c5 dxc5 10. dxc5 e5 11. Bxf6 Bxf6 12. e4 Be6 13. Nd2 Nd7 14.
b4 a5 15. a3 Qf7 16. Qc2 f4 17. f3 g5 18. Na4 h5 19. Nc4 axb4 20. axb4 Be7 21.
Nab6 Nxb6 22. Nxb6 Rxa1 23. Rxa1 g4 24. Nc4 Qg7 25. Kh1 g3 26. Ra7 Bf6 27. Nd6 Rb8 28. b5 Qg5 29. Rxb7 Rxb7 0-1

[Event "*** Titled Tuesday Blitz"]
[Site "Chess.com"]
[Date "2020.03.03"]
[Round "7"]
[White "silverback96"]
[Black "Sunnika"]
[Result "1-0"]
[WhiteElo "1983"]
[BlackElo "2384"]
[TimeControl "180+1"]
[EndTime "10:13:01 PST"]
[Termination "silverback96 won on time"]

1. g3 d5 2. Bg2 c6 3. Nf3 Bg4 4. O-O Nd7 5. h3 Bh5 6. c4 e6 7. d4 Ngf6 8. cxd5 exd5 9. Qb3 Qb6 10. Qe3+ Be7 11. Nh4 Bg6 12. b4 Nf8 13. b5 Ne6 14. Nxg6 hxg6 15. bxc6 bxc6 16. Rd1 O-O 17. Nd2 Qxd4 18.
Nb3 Qxe3 19. Bxe3 a5 20. Rac1 Rfc8 21. Nc5 Nxc5 22. Bxc5 Bxc5 23. Rxc5 Nd7 24. Rc3 Ne5 25. Rdc1 Nc4 26. e4 Rab8 27. exd5 cxd5 28. Bxd5 Nd6 29.
Rxc8+ Rxc8 30. Rxc8+ Nxc8 31. Kf1 Kf8 32. Ke2 Ke7 33.
Kd3 Nb6 34. Kd4 f6 35. Kc5 Na4+ 36. Kc4 Nb6+ 37. Kd4 Kd6 38. Bf7 g5 39. Be8 Nd5 40. Kc4 Nc7 41. Ba4 f5 42. Bc2 f4 43. g4 Kc6 44.
Be4+ Kd6 45. a4 1-0

[Event "*** Titled Tuesday Blitz"]
[Site "Chess.com"]
[Date "2020.03.03"]
[Round "7"]
[White "NguyenHlb"]
[Black "MaxLeto"]
[Result "0-1"]
[WhiteElo "2287"]
[BlackElo "2408"]
[TimeControl "180+1"]
[EndTime "10:13:02 PST"]
[Termination "MaxLeto won by checkmate"]

1. d4 d5 2. c4 e6 3. Nc3 Nf6 4.
cxd5 exd5 5. Bg5 c6 6. e3 Be7 7. Bd3 Bg4 8. f3 Bh5 9. Nge2 Bg6 10. Bxg6 hxg6 11. O-O Qc7 12. Bf4 Bd6 13. Rc1 Bxf4 14. Nxf4 g5 15. Nh3 Nbd7 16. e4 dxe4 17. fxe4 g4 18. Nf4 g5 19. e5 gxf4 20. exf6 f3 21. g3 O-O-O 22. Nb5 Qb8 23. Qd3 Rh5 24. d5 Nxf6 25.
d6 a6 26. Nc7 Qxc7 27. Qc2 Rxd6 28. Rfe1 Qb6+ 29. Kh1 Nd5 30. Qe4 Rxh2+ 31. Kxh2 Rh6# 0-1

[Event "*** Titled Tuesday Blitz"]
[Site "Chess.com"]
[Date "2020.03.03"]
[Round "7"]
[White "Astaneh"]
[Black "Pultis"]
[Result "1-0"]
[WhiteElo "2621"]
[BlackElo "2769"]
[TimeControl "180+1"]
[EndTime "10:13:04 PST"]
[Termination "Astaneh won by resignation"]

1. e4 e5 2. Nf3 Nc6 3. Bc4 Nf6 4. d3 Bc5 5. O-O d6 6. c3 a6 7. b4 Ba7 8. Be3 Bxe3 9. fxe3 Ne7 10. Bb3 Ng6 11.
Nbd2 O-O 12. Qe1 Be6 13. h3 Bxb3 14. axb3 c6 15. Qg3 a5 16. bxa5 Rxa5 17. b4 Ra8 18.
Nc4 Qc7 19. Qf2 d5 20. Ncd2 dxe4 21. Nxe4 Nxe4 22. dxe4 f6 23. Ra2 Qf7 24. Rfa1 Rad8 25. Ra7 Rd7 26. Qa2 Qxa2 27. R1xa2 Rfd8 28. Kf2 h5 29. Ke2 Kf7 30. Rd2 Ke6 31. Rxb7 Rxb7 32. Rxd8 c5 33. bxc5 Rc7 34. Rd5 Ne7 35. c4 Ra7 36.
Rd6+ Kf7 37. Nd2 Rc7 38. Nb3 h4 39. Kd3 Nc6 40. Kc3 Ke7 41. Nc1 Nd8 42. Nd3 Ne6 43. Rd5 Ng5 44. Nf2 Ra7 45. Kb4 Rb7+ 46. Ka5 Rb2 47. c6 Ne6 48. Nd3 Rxg2 49. Kb6 Rg1 50.
c7 Rb1+ 51. Kc6 Nxc7 52. Kxc7 g5 53. Rd7+ Kf8 54. Nf2 Rc1 55. Kd6 Rxc4 56. Ke6 Rc6+ 57. Kf5 Ke8 58. Ra7 Kf8 59. Ng4 Rc1 60. Nxf6 g4 61.
Kg6 1-0

[Event "*** Titled Tuesday Blitz"]
[Site "Chess.com"]
[Date "2020.03.03"]
[Round "7"]
[White "MartinMatthiesen"]
[Black "arjwezhrtdrz"]
[Result "1-0"]
[WhiteElo "2538"]
[BlackElo "2128"]
[TimeControl "180+1"]
[EndTime "10:13:05 PST"]
[Termination "MartinMatthiesen won by checkmate"]

1. d4 d6 2. e4 c6 3. Nc3 Nf6 4.
f4 Bg4 5. Be2 Bxe2 6. Qxe2 e5 7.
dxe5 dxe5 8. fxe5 Nfd7 9. Nf3 Bc5 10. Bf4 O-O 11. O-O-O Qe7 12. h4 Re8 13. h5 Nf8 14. h6 g6 15. Bg5 Qe6 16. Bf6 Qg4 17. Rh4 Qg3 18. Qf1 Ne6 19. Ne2 Qf2 20. Qxf2 Bxf2 21.
Kb1 Bxh4 22. Nxh4 Nc5 23. Nc3 Nbd7 24. Rd4 Nxe5 25. Nf3 Ng4 26. Bg7 Rad8 27. Rb4 b5 28. e5 Ne3 29. a4 a6 30. axb5 axb5 31. Rf4 Nd5 32. Ne4 Nxf4 33. Nf6# 1-0

[Event "*** Titled Tuesday Blitz"]
[Site "Chess.com"]
[Date "2020.03.03"]
[Round "7"]
[White "Gordima"]
[Black "chris_rock_comic"]
[Result "1-0"]
[WhiteElo "2784"]
[BlackElo "2881"]
[TimeControl "180+1"]
[EndTime "10:13:06 PST"]
[Termination "Gordima won by resignation"]

1. d4 f5 2. g3 Nf6 3. Bg2 d6 4. d5 e5 5. dxe6 c6 6. Nf3 Bxe6 7. Nd4 Qe7 8. Qd3 g6 9. c4 Nbd7 10. b3 Ne5 11. Qc2 Bg7 12. Bb2 O-O 13. O-O Bd7 14. Nc3 Nh5 15. e3 g5 16. Qe2 Nf6 17. Rad1 Rad8 18.
Rfe1 Rfe8 19. Qc2 Rf8 20. f4 Neg4 21. Nxf5 Bxf5 22. Qxf5 Nxe3 23. Qxg5 d5 24. cxd5 Qc5 25. Ne4 Qc2 26. Rd2 Rxd5 27. Nxf6+ Rxf6 28. Bxd5+ cxd5 29. Rxc2 1-0

[Event "*** Titled Tuesday Blitz"]
[Site "Chess.com"]
[Date "2020.03.03"]
[Round "7"]
[White "EugeneRougon"]
[Black "lestri"]
[Result "1-0"]
[WhiteElo "2705"]
[BlackElo "2513"]
[TimeControl "180+1"]
[EndTime "10:13:07 PST"]
[Termination "EugeneRougon won by resignation"]

1. e4 d6 2. d4 Nf6 3. Nc3 e5 4. Nf3 Nbd7 5. Bc4 Be7 6. O-O O-O 7. a4 a5 8. Re1 c6 9. Ba2 exd4 10. Nxd4 Nc5 11.
Bf4 Qb6 12. Qd2 Re8 13. e5 dxe5 14. Bxe5 Bd7 15. Qf4 Qb4 16. Nf5 Bxf5 17. Qxf5 Ncd7 18. Ne4 Nxe5 19. Qxe5 Nd5 20. Bxd5 cxd5 21. Qxd5 Qxb2 22. Rab1 Qxc2 23. Rxb7 Rac8 24. g3 Qc6 25. Qb3 Kf8 26.
Ng5 Qg6 27. Nf3 Qf6 28. Ne5 Bb4 29. Nd7+ 1-0

[Event "*** Titled Tuesday Blitz"]
[Site "Chess.com"]
[Date "2020.03.03"]
[Round "7"]
[White "ural58"]
[Black "saisree"]
[Result "1-0"]
[WhiteElo "2410"]
[BlackElo "2286"]
[TimeControl "180+1"]
[EndTime "10:13:08 PST"]
[Termination "ural58 won by resignation"]

1. e4 c6 2. b3 d5 3. Qe2 dxe4 4. Nc3 Nf6 5. Nxe4 Nxe4 6. Qxe4 Nd7 7. Bb2 Nf6 8. Qe5 Bg4 9. h3 Bh5 10. g4 Bg6 11. f4 Bxc2 12. d3 e6 13. Kd2 Bd6 14.
Qc3 Bxd3 15. Bxd3 Bxf4+ 16. Kc2 Qc7 17. Ne2 O-O-O 18. Nxf4 Qxf4 19. Raf1 Qg3 20. Be2 Qg2 21. Qf3 Qxf3 22. Rxf3 e5 23. g5 Ne4 24. Bd3 Nxg5 25.
Rg3 e4 26. Bc4 f6 27. h4 Nf3 28. Rxg7 Rd2+ 29. Kc1 Rhd8 30. Rf1 Rh2 31. Bxf6 Rdd2 32. Be6+ Kb8 33. Rxf3 Rc2+ 34. Kb1 Rb2+ 35. Bxb2 Rxb2+ 36. Kxb2 exf3 37. Rf7 f2 38. Rxf2 1-0

[Event "*** Titled Tuesday Blitz"]
[Site "Chess.com"]
[Date "2020.03.03"]
[Round "7"]
[White "MartinCerveny"]
[Black "platy3"]
[Result "0-1"]
[WhiteElo "2622"]
[BlackElo "2863"]
[TimeControl "180+1"]
[EndTime "10:13:23 PST"]
[Termination "platy3 won by resignation"]

1. d4 Nf6 2. Nf3 g6 3. b4 Bg7 4. Bb2 O-O 5. e3 a5 6. b5 b6 7. a4 Bb7 8. Be2 d6 9. O-O Nbd7 10. c4 e5 11. d5 Nc5 12. Nbd2 Nfd7 13. e4 f5 14.
exf5 gxf5 15. Nb3 Nxb3 16. Qxb3 Nc5 17. Qc2 Qd7 18. Nd2 e4 19. Bxg7 Qxg7 20. Ra3 Kh8 21.
Rg3 Qe5 22. f3 f4 23. Rh3 Bc8 24. Rh4 Qg5 25. g3 fxg3 26. Rxe4 gxh2+ 27. Kh1 Nxe4 28. Nxe4 Qe5 29. Rf2 Bf5 30. Bd3 Rg8 31. Rxh2 Qa1+ 32. Qb1 Qxb1+ 33. Bxb1 Raf8 34. Bd3 Rg6 35. Rh5 Kg7 36.
Kh2 Rh6 37. Rxh6 Kxh6 38. Kg3 Kg6 39. Be2 Bxe4 40. fxe4 Kg5 41. Bg4 h5 42. Be6 h4+ 43.
Kh3 Rf3+ 44. Kh2 Rc3 45. e5 dxe5 46. c5 Rxc5 0-1

[Event "*** Titled Tuesday Blitz"]
[Site "Chess.com"]
[Date "2020.03.03"]
[Round "7"]
[White "rpragchess"]
[Black "riconaipe"]
[Result "1-0"]
[WhiteElo "2783"]
[BlackElo "2588"]
[TimeControl "180+1"]
[EndTime "10:13:23 PST"]
[Termination "rpragchess won by resignation"]

1. Nf3 g6 2. e4 Bg7 3. d4 c6 4. Nc3 d5 5. h3 Nf6 6. Bd3 dxe4 7. Nxe4 O-O 8. O-O Nxe4 9. Bxe4 Nd7 10. c3 e5 11. Re1 exd4 12. Nxd4 Nc5 13. Bc2 Ne6 14. Nf3 Qxd1 15. Rxd1 Nc5 16. Be3 Nd7 17. Rd6 Ne5 18.
Nxe5 Bxe5 19. Rd2 Be6 20. Bb3 Bxb3 21. axb3 a6 22. Rd7 b5 23. Rb7 Rfb8 24. Re7 Bd6 25. Rd7 Be5 26. b4 Rd8 27. Rxd8+ Rxd8 28. f4 Bf6 29. Rxa6 Rc8 30. Kf2 h5 31. g4 hxg4 32. hxg4 Kf8 33. Ra7 Ke8 34. Kf3 Bd8 35. Ra1 Rc7 36.
Bb6 Rc8 37. Bc5 Rc7 38. Re1+ Kd7 39. Bb6 Rc8 40. Rd1+ Ke7 41. Rxd8 Rxd8 42. Bxd8+ Kxd8 43. Ke4 Ke7 44. Ke5 f6+ 45. Kd4 Kd6 46. f5 gxf5 47.
gxf5 Kd7 48. Kc5 Kc7 49. b3 Kd7 50. c4 bxc4 51. bxc4 Kc7 52. b5 cxb5 53. cxb5 Kd7 54.
Kb6 Kc8 55. Ka7 1-0

[Event "*** Titled Tuesday Blitz"]
[Site "Chess.com"]
[Date "2020.03.03"]
[Round "7"]
[White "AleksanderHnydiuk"]
[Black "politeplayer"]
[Result "1-0"]
[WhiteElo "2559"]
[BlackElo "2278"]
[TimeControl "180+1"]
[EndTime "10:13:24 PST"]
[Termination "AleksanderHnydiuk won on time"]

1. d4 d5 2. c4 e6 3. Nc3 c5 4. cxd5 cxd4 5. Qa4+ Bd7 6. Qxd4 exd5 7. Qxd5 Nf6 8. Qd1 Bc5 9. Nf3 Qc7 10. Bg5 Qb6 11. e3 Qxb2 12. Bxf6 gxf6 13. Nd5 Bb4+ 14. Nxb4 Qxb4+ 15. Qd2 Qg4 16. h3 Qg6 17. Nd4 Nc6 18. Nb5 Rd8 19.
Nd6+ Ke7 20. Nxb7 Be6 21. Nxd8 Rxd8 22. Qc3 Ne5 23. Qc5+ Ke8 24. Bb5+ Nd7 25. g3 h5 26. O-O Qe4 27. Qd4 Qf3 28. Qf4 Qd5 29. Bxd7+ Rxd7 30.
Rfd1 1-0

[Event "*** Titled Tuesday Blitz"]
[Site "Chess.com"]
[Date "2020.03.03"]
[Round "7"]
[White "JakeCarlosBanawa"]
[Black "saraswathii"]
[Result "1-0"]
[WhiteElo "2390"]
[BlackElo "2225"]
[TimeControl "180+1"]
[EndTime "10:13:25 PST"]
[Termination "JakeCarlosBanawa won by resignation"]

1. d4 Nc6 2. Nf3 d5 3. Bf4 Nf6 4. e3 a6 5. Be2 Bf5 6. O-O e6 7.
c4 Bd6 8. Bg3 Ne4 9. Nc3 Nxc3 10. bxc3 O-O 11. cxd5 exd5 12. Qb3 Bxg3 13. hxg3 Na5 14.
Qb4 b6 15. Ne5 Qd6 16. Rac1 Rfc8 17. g4 Bg6 18. g5 c5 19. Qa3 Rd8 20. Nxg6 hxg6 21.
Rb1 cxd4 22. Qxd6 Rxd6 23. cxd4 b5 24. a4 bxa4 25. Ra1 Nb3 26. Rxa4 Nd2 27. Rfa1 Ne4 28. Bxa6 Nxg5 29. Bb7 Rad8 30. Ra5 Ne4 31. Rc1 f6 32.
Rc7 Ng5 33. Bc8 Ne4 34. Raa7 f5 35. Rxg7+ Kf8 36. Raf7+ Ke8 37. Re7+ Kf8 38. Be6 Nf6 39. Rgf7+ 1-0

[Event "*** Titled Tuesday Blitz"]
[Site "Chess.com"]
[Date "2020.03.03"]
[Round "7"]
[White "Fandorine"]
[Black "Touching3200"]
[Result "0-1"]
[WhiteElo "2883"]
[BlackElo "2504"]
[TimeControl "180+1"]
[EndTime "10:13:28 PST"]
[Termination "Touching3200 won by resignation"]

1. e4 c6 2. d4 d5 3. exd5 cxd5 4. Bd3 Nc6 5. c3 Qc7 6. h3 e5 7. dxe5 Nxe5 8. Nf3 Nxd3+ 9. Qxd3 Bd6 10. O-O Ne7 11. Bg5 Bf5 12. Qb5+ Bd7 13. Qb3 f6 14. Be3 b5 15. Nbd2 a5 16. a3 a4 17. Qa2 Bf5 18.
Nd4 Bd3 19. Rfe1 Qd7 20. Rad1 Rd8 21. N2f3 Bc4 22. Qb1 O-O 23. Nd2 Rfe8 24. N2f3 Ng6 25. Qf5 Ne5 26. Qxd7 Rxd7 27. Rd2 Kf7 28. Red1 g5 29.
Nxe5+ fxe5 30. Nf5 Bc7 31. g4 Bd8 32. f3 Bf6 33.
Kg2 d4 34. cxd4 exd4 35. Bxd4 Red8 36. Bc3 Rxd2+ 37. Rxd2 Rxd2+ 38. Bxd2 Bxb2 39. Bb4 Ke6 40. Kg3 Bd3 41. Ne3 Be5+ 42. Kg2 Bd6 43. Bxd6 Kxd6 44. Kf2 b4 45. axb4 a3 0-1

[Event "*** Titled Tuesday Blitz"]
[Site "Chess.com"]
[Date "2020.03.03"]
[Round "7"]
[White "Willychess95"]
[Black "bascheyaro"]
[Result "1-0"]
[WhiteElo "2582"]
[BlackElo "2735"]
[TimeControl "180+1"]
[EndTime "10:13:28 PST"]
[Termination "Willychess95 won by checkmate"]

1. e4 e6 2. d4 d5 3. Nc3 Bb4 4. e5 Ne7 5. f4 b6 6. Nf3 h5 7. Be2 Ba6 8. O-O Bxc3 9. bxc3 c5 10. a4 Qc7 11. Ba3 Bxe2 12. Qxe2 Nd7 13. a5 O-O 14. Ng5 g6 15. g4 hxg4 16. Qxg4 Kg7 17. c4 dxc4 18. d5 Nxd5 19. Rad1 Qc6 20. f5 exf5 21. Rxf5 Ne3 22. Qh3 Qg2+ 23. Qxg2 Nxg2 24. Rf2 Nxe5 25. Bb2 Rae8 26. Rxg2 f6 27. Bxe5 Rxe5 28.
Rd7+ Kg8 29. Nf3 Rh5 30. Rxg6+ Kh8 31. a6 Rh7 32. Rd6 c3 33. Kf2 Rhf7 34. Nh4 Rh7 35.
Nf3 Rhf7 36. Ke3 Kh7 37. Rg3 Re7+ 38. Kd3 b5 39. Kxc3 Re4 40. Rd7+ Kh6 41. Rxa7 Rc4+ 42. Kb2 Rb4+ 43. Kc1 Ra4 44. Rag7 Rxa6 45. R7g4 Ra4 46. Rh3# 1-0

[Event "*** Titled Tuesday Blitz"]
[Site "Chess.com"]
[Date "2020.03.03"]
[Round "7"]
[White "guillembaches"]
[Black "Nalatac"]
[Result "1-0"]
[WhiteElo "2406"]
[BlackElo "2277"]
[TimeControl "180+1"]
[EndTime "10:13:34 PST"]
[Termination "guillembaches won on time"]

1. e4 e5 2. Nf3 Nc6 3. Nc3 Nf6 4.
d4 exd4 5. Nxd4 Bb4 6. Nxc6 bxc6 7. Bd3 O-O 8. O-O d5 9. Bd2 Re8 10. Nxd5 cxd5 11. Bxb4 dxe4 12. Bb5 Bd7 13. Bxd7 Nxd7 14. Re1 Nb6 15. Qxd8 Raxd8 16. Rad1 f5 17. b3 Kf7 18. c4 g6 19. h4 Nd7 20. Bc3 Nc5 21. Kf1 Nd3 22. Re2 c5 23. g3 Re6 24. Bd2 Red6 25. Bg5 R8d7 26. Red2 Ke6 27. Be3 Rd8 28. Ke2 R8d7 29.
Bg5 Ne5 30. Rxd6+ Rxd6 31. Rxd6+ Kxd6 32. Bf4 Ke6 33. Ke3 Nc6 34. Bh6 Nb4 35. Bf8 Nxa2 36.
Bxc5 Nc1 37. b4 Nd3 38. Bf8 Ne5 39. Kd4 Nd7 40. Bh6 1-0

[Event "*** Titled Tuesday Blitz"]
[Site "Chess.com"]
[Date "2020.03.03"]
[Round "7"]
[White "TwentyHourADay"]
[Black "Mikhail_Golubev"]
[Result "0-1"]
[WhiteElo "2313"]
[BlackElo "2526"]
[TimeControl "180+1"]
[EndTime "10:13:36 PST"]
[Termination "Mikhail_Golubev won by resignation"]

1. e4 c5 2. Nc3 Nc6 3. Bb5 Nd4 4. Nf3 a6 5. Bd3 Nc6 6. O-O d6 7. h3 g6 8. a4 Bg7 9. Bc4 Nf6 10. d3 O-O 11.
Ne2 e6 12. Ng3 d5 13. Ba2 dxe4 14. dxe4 Nd7 15. c3 Nde5 16. Be3 Nxf3+ 17. Qxf3 Ne5 18. Qe2 b6 19. a5 bxa5 20. Bxc5 Re8 21. Bd4 Bd7 22.
f4 Bb5 23. Qe3 Bxf1 24. Rxf1 Nc6 25. Bxg7 Kxg7 26. Qc5 Rc8 27. f5 exf5 28. exf5 Ne5 29. Qe3 Rb8 30. f6+ Kh8 31. Qh6 Rg8 32. Rf4 Qf8 33.
Qg5 Rb5 34. Kh1 Nd3 35. Qg4 Nxf4 36. Qxf4 Qb8 37. Qxb8 Rgxb8 38. Bxf7 Rf8 39. Bc4 Rxb2 40. Ne4 a4 41. Nd6 a3 42. Nf7+ Rxf7 43. Bxf7 a2 0-1

[Event "*** Titled Tuesday Blitz"]
[Site "Chess.com"]
[Date "2020.03.03"]
[Round "7"]
[White "FedaMaster"]
[Black "Berardino"]
[Result "0-1"]
[WhiteElo "2422"]
[BlackElo "2636"]
[TimeControl "180+1"]
[EndTime "10:13:37 PST"]
[Termination "Berardino won on time"]

1. e4 c5 2. d4 cxd4 3. c3 Nf6 4. e5 Nd5 5. Qxd4 e6 6. Nf3 Nc6 7. Qe4 f5 8. Qe2 b5 9. g3 a5 10. Bg2 Ba6 11. O-O b4 12. c4 Be7 13. a4 O-O 14. b3 Rb8 15. Rd1 Nc3 16. Nxc3 bxc3 17. Qc2 Qc7 18.
Qxc3 Bb4 19. Qb2 Bc5 20. Qc2 Bb7 21. Bb2 Nb4 22. Qe2 Be4 23. Rd2 h6 24. Rad1 Rf7 25. Nh4 Bxg2 26. Nxg2 Nc6 27. Rd3 Rb7 28. Nf4 Qb8 29.
Qf3 Ra7 30. Nxe6 Bb4 31. Qxc6 dxc6 32. Rd8+ Qxd8 33. Rxd8+ Kh7 34. Nd4 Rac7 35. e6 Rfe7 0-1

[Event "*** Titled Tuesday Blitz"]
[Site "Chess.com"]
[Date "2020.03.03"]
[Round "7"]
[White "j2806"]
[Black "freshfoodcompany"]
[Result "1/2-1/2"]
[WhiteElo "1972"]
[BlackElo "2164"]
[TimeControl "180+1"]
[EndTime "10:13:37 PST"]
[Termination "Game drawn by repetition"]

1. e4 c5 2. Nf3 Nc6 3. d4 cxd4 4.
Nxd4 Nf6 5. Nc3 e5 6. Ndb5 d6 7. Bg5 a6 8. Na3 b5 9. Nd5 Be7 10. Bxf6 Bxf6 11. c3 O-O 12. Nc2 Rb8 13. Be2 Ne7 14.
Ncb4 Nxd5 15. Nxd5 Bb7 16. O-O Bg5 17. Qd3 Bxd5 18.
Qxd5 Qb6 19. Rfd1 Rfd8 20. Rd3 Rbc8 21. Rad1 Rc5 22. Qb3 Bh4 23. g3 Be7 24. Bh5 g6 25. Bf3 Kg7 26. a4 Rb8 27. R3d2 bxa4 28. Qxa4 Ra5 29.
Qc4 Rc5 30. Qa4 Rb5 31. b4 a5 32. Be2 axb4 33. Bxb5 bxc3 34. Rc2 Qxb5 35. Qxb5 Rxb5 36.
Rxc3 Rc5 37. Rxc5 dxc5 38. Rd5 Kf6 39. Kf1 Ke6 40. Ke2 f5 41. f3 fxe4 42. fxe4 h5 43. h4 c4 44. Rd1 Ba3 45. Kd2 Bb2 46.
Kc2 Bd4 47. Rf1 Ke7 48. Rf3 Ke6 49. Kd2 Ke7 50. Kc2 Ke6 51. Kb1 Ke7 52. Ka2 Ke6 53.
Ka3 Bc5+ 54. Kb2 Bd4+ 55. Ka3 Bc5+ 56. Kb2 Bd4+ 57. Ka3 1/2-1/2

[Event "*** Titled Tuesday Blitz"]
[Site "Chess.com"]
[Date "2020.03.03"]
[Round "7"]
[White "SantoBlue"]
[Black "TST2014"]
[Result "1-0"]
[WhiteElo "2759"]
[BlackElo "2586"]
[TimeControl "180+1"]
[EndTime "10:13:39 PST"]
[Termination "SantoBlue won on time"]

1. e4 c5 2. Nf3 Nc6 3. g3 Nf6 4. d3 d5 5. Nbd2 g6 6. Bg2 Bg7 7. O-O O-O 8. Kh1 e5 9. exd5 Nxd5 10. Nc4 h6 11. Re1 Re8 12. a4 Bg4 13. h3 Bf5 14.
Bd2 e4 15. dxe4 Bxe4 16. Qc1 Nd4 17. Nxd4 Bxg2+ 18. Kxg2 Rxe1 19. Qxe1 cxd4 20. Qe4 Rc8 21. Qd3 Qc7 22. b3 Qc6 23. Kg1 a6 24. a5 Qe6 25.
Qf3 Qc6 26. Re1 Nc3 27. Qxc6 Rxc6 28. Re8+ Kh7 29. Re7 Nb1 30. Bb4 Kg8 31. Rxb7 Re6 32. Kf1 h5 33. h4 Bh6 34. Rb8+ Kh7 35. Rb6 Kg8 36. Rxe6 fxe6 37. Ke2 Kf7 38. Nd6+ Kf6 39. Ne4+ Ke5 40. Nc5 Kd5 41. Nxa6 e5 42. Nc5 Bf8 43. a6 Bxc5 44. Bxc5 Nc3+ 45. Ke1 Kc6 46. a7 Kb7 47. b4 Ne4 48. Ke2 Nxc5 49. bxc5 Kxa7 50. Kd3 Kb7 51. Ke4 Kc6 52. Kxe5 Kxc5 53. f3 Kc4 54. Ke4 Kc3 55.
g4 Kxc2 56. Kxd4 hxg4 57. fxg4 1-0

[Event "*** Titled Tuesday Blitz"]
[Site "Chess.com"]
[Date "2020.03.03"]
[Round "7"]
[White "VerdeNotte"]
[Black "doons21"]
[Result "1-0"]
[WhiteElo "2802"]
[BlackElo "2592"]
[TimeControl "180+1"]
[EndTime "10:13:41 PST"]
[Termination "VerdeNotte won on time"]

1. Nf3 Nf6 2. b3 g6 3. Bb2 Bg7 4. g3 b6 5. c4 Bb7 6. Bg2 O-O 7. O-O a5 8. d3 a4 9. bxa4 Nc6 10. Ne5 Ng4 11. Nxc6 Bxc6 12. Bxg7 Kxg7 13. Bxc6 dxc6 14. Nd2 Ra5 15. e3 h5 16. d4 Qa8 17. h3 Nh6 18.
Qc2 Nf5 19. c5 Rxa4 20. Ne4 b5 21. g4 hxg4 22. hxg4 Nh4 23. f3 Rh8 24. Kf2 Rc4 25. Qb2 Qa4 26. Rac1 Nf5 27. Qb3 Nh6 28. Rxc4 Qxc4 29.
Qxc4 bxc4 30. Nc3 Ra8 31. a4 f5 32. g5 Nf7 33. f4 Nd8 34. Ra1 Kf7 35. Ke2 Ke6 36.
Kd2 Nb7 37. Rh1 Na5 38. Rh7 Rg8 39. Kc2 Kd7 40. Nd1 Ke6 41. Kc3 Kd5 42. Kb4 Ke4 43. Rxe7+ Kd3 44. Kxa5 c3 45. Nxc3 Kxc3 46. Rxc7 Ra8+ 47.
Kb6 Rxa4 48. Rxc6 Kd3 49. Re6 Kc4 50. Re5 Rb4+ 51. Kc7 Kb5 52. c6+ Ka6 53. Kd7 1-0